 Dungeon Sprint DCSS version 0.31-a0-795-g5eb97db20b (webtiles) character file.

Game seed: 15885603434379971905

10821 sircluck the Brawler (level 11, -3/196 HPs)
             Began as a Troll Berserker on Sept 18, 2023.
             Was a High Priest of Trog.
             Slain by a demonic crawler (9 damage)
             ... in the Dungeon (Sprint I: "Red Sonja").
             The game lasted 00:05:30 (857 turns).

sircluck the Brawler (Troll Berserker)               Turns: 857, Time: 00:05:31

Health: -3/196     AC:  5    Str: 31    XL:     11   Next: 41%
Magic:  10/10      EV: 14    Int:  3    God:    Trog [*****.]
Gold:   1721       SH:  0    Dex:  9    Spells: 10/10 levels left

rFire   x .          .
                       - Unarmed
rCold   . . .        (no shield)
rNeg    . . .        a - +0 animal skin
rPois   +            (helmet restricted)
rElec   .            j - +0 cloak {rPois}
rCorr   .            (gloves unavailable)
SInv    .            (boots unavailable)
Will    .....        (no amulet) Stlth
                     (no ring)
HPRegen 1.32/turn    (no ring)
MPRegen 0.12/turn

%: no teleportation
@: berserking (expiring), very quick
A: large, unfitting armour, claws 3, regeneration 1, shaggy fur 1, tough skin 1,
heat vulnerability 1
a: Renounce Religion, Berserk, Trog's Hand, Brothers in Arms


You were in the Dungeon.
You worshipped Trog.
Trog was extremely pleased with you.
You visited 1 branch You collected 1923 gold pieces.
You spent 202 gold pieces at shops.

Inventory:

Missiles
 i - 6 darts of dispersal
 k - 3 curare-tipped darts
Armour
 a - a +0 animal skin (worn)
 j - a +0 cloak of poison resistance (worn)
Wands
 h - a wand of iceblast (4)
Scrolls
 g - a scroll of blinking
 n - a scroll of poison {unknown}
Potions
 b - 4 potions of curing
 c - a potion of heal wounds
 d - a potion of haste
 e - 3 potions of magic
 f - a potion of berserk rage
 l - a potion of lignification {unknown}
 m - a potion of enlightenment {unknown}


   Skills:
 + Level 14.4 Fighting
 + Level 14.2 Dodging
 + Level 16.7 Unarmed Combat


You had 10 spell levels left.
You didn't know any spells.
Your spell library was empty.

Dungeon Overview and Level Annotations

Branches:
Dungeon (1/1)

Altars:
Cheibriados
Dithmenos
Elyvilon
Fedhas
Gozag
Hepliaklqana
Kikubaaqudgha
Makhleb
Nemelex Xobeh
Okawaru
Qazlal
Ru
Sif Muna
Trog
Uskayaw
Vehumet
Wu Jian
Xom
Yredelemnul
Zin
The Shining One
Jiyva
Lugonu

Shops:
D *[*[=(*(=(*[*([(*?![:


Innate Abilities, Weirdness & Mutations

You are too large for most types of armour.
You have claws for hands.
Your natural rate of healing is unusually fast.
You are covered in fur. (AC +1)
You have tough skin. (AC +1)
You are vulnerable to heat. (rF-)


Message History

Your Dodging skill increases to level 14!
You scratch the demonic crawler.
The demonic crawler is lightly wounded.
Your troll barely misses the demonic crawler.
Your troll claws the demonic crawler but does no damage. x2
You claw the demonic crawler!
The demonic crawler is moderately wounded.
The demonic crawler completely misses your troll.
The demonic crawler barely misses your troll. x2
Your troll bites the demonic crawler!
Your troll barely misses the demonic crawler. x2
You scratch the demonic crawler but do no damage.
The demonic crawler is moderately wounded.
The demonic crawler closely misses your troll.
The demonic crawler hits your troll!
The demonic crawler closely misses your troll.
You barely miss the demonic crawler.
The demonic crawler is moderately wounded.
Your troll bites the demonic crawler!!
Your troll claws the demonic crawler.
Your troll completely misses the demonic crawler.
You mangle the demonic crawler!!
You kill the demonic crawler!
Trog accepts your kill. The demonic crawler hits your troll!
The demonic crawler hits your troll. The demonic crawler hits your troll!
You swap places.
The demonic crawler hits you but does no damage.
The demonic crawler hits you!
* * * LOW HITPOINT WARNING * * *
The demonic crawler hits you!
* * * LOW HITPOINT WARNING * * *
There is an open door, spattered with blood here.
You see here a demonic crawler corpse.
You feel a strong urge to attack something.
You mangle the demonic crawler!!
The demonic crawler is heavily wounded.
The demonic crawler hits you!
* * * LOW HITPOINT WARNING * * *
The demonic crawler hits you!
You die...

################
..'..#__#..'...#
..#..'..'..#)..##+#
####'#__####...Ts.#
...#.####§.#####@.+
..##.#§§§§)#..##+##
#'#_.+~§~§§'..#
)..._#~§§§.#..#
#_.#'##§#####'###
##'#.#§[))###.'.#
##.####'###[###.#
'...'.....'(∩##§#
#...###########§#


You could see a demonic crawler (ally target) and a friendly troll (summoned,
berserk).

Vanquished Creatures
  2 centaur warriors (D)
  2 demonic crawlers (D)
  Sonja (D)
  A deep troll (D)
  An oklob plant (D)
  2 unseen horrors (D)
  2 kobold demonologists (D)
  A hornet (D)
  Sigmund (D)
  A slime creature (D)
  A yak (D)
  2 redbacks (D)
  2 floating eyes (D)
  An ogre (D)
  7 necrophages (D)
  8 jellies (D)
  Ijyb (D)
36 creatures vanquished.

Vanquished Creatures (collateral kills)
  A demonic crawler (D)
  8 shining eyes (D)
  4 floating eyes (D)
13 creatures vanquished.

Vanquished Creatures (others)
  2 ballistomycete spores (D)
2 creatures vanquished.

Grand Total: 51 creatures vanquished

Notes
Turn   | Place    | Note
-------+----------+-------------------------------------------
     0 | D        | sircluck the Troll Berserker began the quest for the Orb.
     0 | D        | Reached XP level 1. HP: 22/22 MP: 0/0
     2 | D        | Noticed Ijyb
     9 | D        | Killed Ijyb
    10 | D        | Reached skill level 4 in Unarmed Combat
    10 | D        | Reached XP level 2. HP: 14/32 MP: 1/1
    27 | D        | Noticed an ogre
    36 | D        | Killed an ogre
    37 | D        | Reached skill level 5 in Fighting
    37 | D        | Reached skill level 5 in Dodging
    37 | D        | Reached skill level 6 in Unarmed Combat
    37 | D        | Reached XP level 3. HP: 37/42 MP: 2/2
    37 | D        | Reached XP level 4. HP: 44/50 MP: 3/3
    53 | D        | Noticed Sigmund
    64 | D        | Killed Sigmund
    64 | D        | Reached ** piety under Trog
    65 | D        | Reached skill level 7 in Unarmed Combat
    65 | D        | Reached XP level 5. HP: 57/61 MP: 4/4
    65 | D        | Reached XP level 6. HP: 63/68 MP: 5/5
    80 | D        | Found an ornate altar of the Wu Jian Council.
    80 | D        | Found a shimmering blue altar of Sif Muna.
    82 | D        | Found a radiant altar of Vehumet.
    88 | D        | Reached skill level 8 in Unarmed Combat
   102 | D        | Found a burning altar of Makhleb.
   102 | D        | Found a viscous altar of Jiyva.
   102 | D        | Found a shimmering altar of Xom.
   102 | D        | Found a corrupted altar of Lugonu.
   102 | D        | Noticed a slime creature
   107 | D        | Killed a slime creature
   108 | D        | Reached skill level 9 in Unarmed Combat
   121 | D        | Noticed a kobold demonologist
   121 | D        | Noticed a floating eye
   121 | D        | Noticed a kobold demonologist
   123 | D        | Killed a floating eye
   123 | D        | Reached *** piety under Trog
   124 | D        | Reached XP level 7. HP: 74/79 MP: 6/6
   127 | D        | Noticed a ynoxinul
   127 | D        | Killed a kobold demonologist
   128 | D        | Reached skill level 10 in Unarmed Combat
   131 | D        | Noticed a soul eater
   132 | D        | Killed a kobold demonologist
   132 | D        | Reached **** piety under Trog
   133 | D        | Reached XP level 8. HP: 88/92 MP: 7/7
   163 | D        | Found Zefaum's Antique Armour Emporium.
   163 | D        | Found an ancient bone altar of Kikubaaqudgha.
   163 | D        | Found a hazy altar of Hepliaklqana.
   163 | D        | Found a stormy altar of Qazlal.
   163 | D        | Found a hide-covered altar of Uskayaw.
   163 | D        | Found a blossoming altar of Fedhas.
   163 | D        | Found a bloodstained altar of Trog.
   163 | D        | Found an iron altar of Okawaru.
   163 | D        | Found a basalt altar of Yredelemnul.
   163 | D        | Found a glowing golden altar of the Shining One.
   163 | D        | Found a snail-covered altar of Cheibriados.
   163 | D        | Found a sacrificial altar of Ru.
   163 | D        | Found a glowing silver altar of Zin.
   163 | D        | Found a shadowy altar of Dithmenos.
   163 | D        | Found a white marble altar of Elyvilon.
   164 | D        | Found an opulent altar of Gozag.
   166 | D        | Reached skill level 11 in Unarmed Combat
   166 | D        | Found a sparkling altar of Nemelex Xobeh.
   190 | D        | Bought a runed cloak for 202 gold pieces
   207 | D        | Noticed Sonja
   212 | D        | Killed Sonja
   213 | D        | Reached skill level 10 in Fighting
   213 | D        | Reached skill level 10 in Dodging
   282 | D        | Noticed a deep troll
   293 | D        | Killed a deep troll
   294 | D        | Reached skill level 12 in Unarmed Combat
   294 | D        | Reached XP level 9. HP: 25/102 MP: 8/8
   299 | D        | Found the +6 shillelagh "Devastator" {shatter}
   318 | D        | Found Adghadan's Armour Emporium.
   338 | D        | Found Luompija's General Store.
   366 | D        | Noticed a centaur warrior
   366 | D        | Noticed a centaur warrior
   372 | D        | Killed a centaur warrior
   373 | D        | Reached skill level 13 in Unarmed Combat
   378 | D        | Killed a centaur warrior
   446 | D        | Reached ***** piety under Trog
   458 | D        | Noticed an oklob plant
   462 | D        | Killed an oklob plant
   463 | D        | Reached XP level 10. HP: 115/115 MP: 9/9
   473 | D        | Reached skill level 14 in Unarmed Combat
   531 | D        | Received a gift from Trog
   612 | D        | Reached ****** piety under Trog
   612 | D        | Received a gift from Trog
   650 | D        | Found Yprawn's Weapon Shoppe.
   650 | D        | Found Caadd's General Store.
   650 | D        | Found Nunudin's Jewellery Boutique.
   652 | D        | Found Amiunuinuo's Antique Weapon Emporium.
   652 | D        | Found Xuuluaru's General Store.
   652 | D        | Found Aruino's Antique Armour Shoppe.
   652 | D        | Found Raceitos's Assorted Antiques.
   652 | D        | Found Isaetev's Weapon Emporium.
   652 | D        | Found Liwnynoi's Antique Armour Shop.
   652 | D        | Found Vull's Antique Weapon Shoppe.
   668 | D        | Found Xathroyzu's Assorted Antiques.
   669 | D        | Found Ziwum's Distillery.
   669 | D        | Found Agithu's Magic Scroll Boutique.
   670 | D        | Found Kiklae Maza's Book Emporium.
   719 | D        | Noticed a shining eye
   719 | D        | Noticed a shining eye
   719 | D        | Noticed a shining eye
   722 | D        | Paralysed by a floating eye for 4 turns
   725 | D        | Received a gift from Trog
   729 | D        | Killed a shining eye
   730 | D        | Reached skill level 15 in Unarmed Combat
   730 | D        | Noticed a shining eye
   736 | D        | Killed a shining eye
   737 | D        | Killed a shining eye
   742 | D        | Killed a shining eye
   746 | D        | Noticed a shining eye
   746 | D        | Noticed a shining eye
   747 | D        | Gained mutation: You are vulnerable to heat. (rF-) [a
                  | shining eye]
   756 | D        | Killed a shining eye
   757 | D        | Reached XP level 11. HP: 127/127 MP: 10/10
   758 | D        | Killed a shining eye
   763 | D        | Noticed a shining eye
   763 | D        | Noticed a shining eye
   770 | D        | Killed a shining eye
   771 | D        | Reached skill level 16 in Unarmed Combat
   778 | D        | Killed a shining eye
   778 | D        | Received a gift from Trog
   788 | D        | Found Nead's Antique Armour Shoppe.
   788 | D        | Found Inexok's Jewellery Shop.
   788 | D        | Found Featit's Assorted Antiques.
   788 | D        | Found Diffi's Weapon Boutique.
   842 | D        | Noticed a demonic crawler
   842 | D        | Noticed a demonic crawler
   842 | D        | Noticed a demonic crawler
   842 | D        | Noticed a demonic crawler
   845 | D        | Killed a demonic crawler
   849 | D        | Killed a demonic crawler
   854 | D        | Killed a demonic crawler
   857 | D        | HP: 6/196 [demonic crawler (17)]
   857 | D        | Slain by a demonic crawler

Illustrated notes

Levels and vault maps discovered:
D:        dungeon_sprint_1 [red_sonja_temple_1, red_sonja_temple_small_1]

Skill      XL: |  1  2  3  4  5  6  7  8  9 10 11 |
---------------+----------------------------------+-----
Fighting       | 3 5 6 7 9 10 12 13 14 | 14.4
Dodging        | 3 5 6 7 9 10 11 13 14 | 14.2
Unarmed Combat | 4 6 7 9 10 12 13 15 16 | 16.7

Action                     |  1- 3 |  4- 6 |  7- 9 | 10-12 || total
---------------------------+-------+-------+-------+-------++-------
  Melee: Unarmed           |    10 |    11 |    39 |    55 ||   115
         Punch             |       |     1 |     2 |     6 ||     9
 Invoke: Berserk           |       |       |     1 |     1 ||     2
         Brothers in Arms  |       |       |       |     3 ||     3
  Evoke: Wand              |     1 |       |       |       ||     1
   Stab: Sleeping          |       |       |     1 |       ||     1
 Armour: Animal skin       |     5 |     9 |    67 |    56 ||   137
  Dodge: Dodged            |     2 |     4 |    35 |    31 ||    72

Table legend: (Time is in decaauts)
 A = Elapsed time spent in this place.
 B = Non-inter-level travel time spent in this place.
 C = Inter-level travel time spent in this place.
 D = Time resting spent in this place.
 E = Time spent auto-exploring this place.
 F = Levels seen in this place.
 G = Mean time per level.
                   A        B        C        D        E       F      G
               +--------+--------+--------+--------+--------+-----+--------+
         Total |    836 |    819 |     17 |    108 |    162 |   1 |  836.0 |
       Dungeon |    836 |    819 |     17 |    108 |    162 |   1 |  836.0 |
               +--------+--------+--------+--------+--------+-----+--------+

Top non-repeatable levels by time:
       D: 836 daAuts
